 Dungeon Crawl Stone Soup version 0.25-a0-663-gace7076 (webtiles) character file.

Game seed: 8288777637859132471, levelgen mode: deterministic

3673 MrTaco21 the Basher (level 10, -16/56 HPs)
             Began as a Gargoyle Fighter on Mar 24, 2020.
             Was a Believer of Qazlal.
             Blown up by Maurice (23 damage)
             ... with a disintegration bolt
             ... on level 8 of the Dungeon.
             The game lasted 00:14:31 (6386 turns).

MrTaco21 the Basher (Gargoyle Fighter)              Turns: 6386, Time: 00:14:31

Health: -16/56     AC: 11    Str: 23    XL:     10   Next: 13%
Magic:  10/10      EV:  8    Int:  9    God:    Qazlal [**....]
Gold:   500        SH: 13    Dex: 15    Spells: 9/9 levels left

rFire    + . .     SeeInvis +   a - +0 flail
rCold    . . .     Gourm    .   c - +0 kite shield
rNeg     + . .     Faith    .   u - +2 robe of the Invisible Eyes {*Slow Dex+6 Slay+5 SInv}
rPois    ∞         Spirit   .   (no helmet)
rElec    +         Reflect  .   (no cloak)
rCorr    .         Harm     .   (no gloves)
MR       .....                  (no boots)
Stlth    +.........             h - amulet of regeneration
HPRegen  0.58/turn              (no ring)
MPRegen  0.12/turn              i - ring of protection from fire

@: mighty
A: negative energy resistance 1, electricity resistance, unbreathing,
petrification resistance, rot immunity, AC +7
a: Upheaval, Renounce Religion


You were on level 8 of the Dungeon.
You worshipped Qazlal.
Qazlal was pleased with you.
You were hungry.

You visited 2 branches of the dungeon, and saw 9 of its levels.
You also visited: Ossuary.

You collected 692 gold pieces.
You spent 192 gold pieces at shops.

Inventory:

Hand Weapons
 a - a +0 flail (weapon)
Missiles
 A - 17 poisoned darts (quivered)
Armour
 c - a +0 kite shield (worn)
 u - the +2 robe of the Invisible Eyes (worn) {*Slow Dex+6 Slay+5 SInv}
   (You found it on level 5 of the Dungeon)

   It affects your dexterity (+6).
   It affects your accuracy and damage with ranged weapons and melee attacks
   (+5).
   It lets you see invisible.
   It may slow you when you take damage.
Jewellery
 h - an amulet of regeneration (around neck)
   (You found it on level 1 of the Dungeon)
 i - a ring of protection from fire (right hand)
   (You found it on level 3 of the Dungeon)
Wands
 m - a wand of enslavement (11)
   (You found it on level 3 of the Dungeon)
 t - a wand of flame (9)
   (You took it off Dowan on level 7 of the Dungeon)
Scrolls
 f - a scroll of enchant weapon
 g - a scroll of holy word {unknown}
 k - 3 scrolls of remove curse {@r2}
 q - a scroll of fear
 r - 4 scrolls of teleportation {unknown}
 v - a scroll of magic mapping {unknown}
 w - 2 scrolls of identify {@r1}
 x - 5 scrolls of amnesia {unknown}
 y - a scroll of immolation {unknown}
 B - a scroll of silence {unknown}
Potions
 b - a potion of flight {unknown}
 d - 2 potions of might
 j - 4 potions of curing {@q1}
 l - a potion of cancellation {unknown}
 n - 3 potions of lignification {!q}
 o - 2 potions of invisibility {unknown}
 p - 2 potions of haste {@q3}
 s - 2 potions of heal wounds {unknown}
 z - 4 potions of stabbing {unknown}
 C - 2 potions of mutation {unknown}
 D - a potion of brilliance {unknown}
Comestibles
 e - 15 rations {!d}


   Skills:
 - Level 3.2 Fighting
 + Level 13.7 Maces & Flails
 - Level 3.2 Armour
 - Level 3.2 Shields


You had 9 spell levels left.
You didn't know any spells.
Your spell library contained the following spells:

 Spells                   Type           Power        Failure   Level  Hunger
 Magic Dart               Conj           #...         88%         1    ##.....
 Summon Small Mammal      Summ           #...         88%         1    ##.....
 Blink                    Tloc           N/A          95%         2    ###....
 Call Imp                 Summ           #.......     95%         2    ###....
 Slow                     Hex            #.......     95%         2    ###....
 Call Canine Familiar     Summ           #.......     99%         3    ####...
 Conjure Flame            Conj/Fire      #.......     99%         3    ####...
 Mephitic Cloud           Conj/Pois/Air  #.......     99%         3    ####...
 Summon Guardian Golem    Hex/Summ       #.......     99%         3    ####...
 Summon Ice Beast         Ice/Summ       #.......     100%        4    #####..
 Summon Lightning Spire   Summ/Air       #.......     100%        4    #####..


Dungeon Overview and Level Annotations

Branches:
Dungeon (8/15)             Temple (1/1) D:4         Ossuary (visited)
   Lair: D:8-11

Altars:
Ashenzari
Cheibriados
Dithmenos
Elyvilon
Fedhas
Gozag
Hepliaklqana
Kikubaaqudgha
Makhleb
Nemelex Xobeh
Okawaru
Qazlal
Ru
Sif Muna
Trog
Uskayaw
Vehumet
Wu Jian
Xom
Yredelemnul
Zin
The Shining One

Shops:
D:5 [**

Annotations:
D:8 Maurice, Prince Ribbit


Innate Abilities, Weirdness & Mutations

You are resistant to torment.
Your stone body is resilient. (AC +7)
You are immune to poison.
You resist negative energy. (rN+)
You are resistant to electric shocks. (rElec)
You can survive without breathing.
You are immune to petrification.
You are immune to rotting.


Message History

Unknown command.
You closely miss Erica. You block Erica's attack.
Unknown command.
You hit Erica.
Erica hits you with a +4 scimitar of flaming.
* * * LOW HITPOINT WARNING * * *
You sock Erica!
You kill Erica!
Qazlal accepts your kill.
You have reached level 10!
Things that are here:
a +4 scimitar of flaming; a +2 robe of magic resistance You start resting.
You feel yourself speed up.
You pick up a book of Callings and begin reading...
You add the spells Summon Small Mammal, Call Canine Familiar, Summon Guardian Golem, Summon Lightning Spire and Summon Ice Beast to your library.
All of the chunks of flesh in your inventory have rotted away.
Found a stone staircase leading down.
Found a white marble altar of Elyvilon.
You are feeling hungry.
You hear a shout!
Maurice the Thief comes into view.
He is wielding a +3 short sword of venom and carrying a wand of disintegration (15).
Here: Maurice, wielding a +3 short sword of venom, wearing a +0 cloak and carrying a wand of disintegration (15)
The floor.
Maurice casts a spell.
Maurice puts on a burst of speed!
You bludgeon Maurice!! You block Maurice's attack.
You hit Maurice. You hit Maurice.
Maurice zaps a wand.
You are blasted!
You miss Maurice.
Maurice mumbles some strange words.
Maurice blinks!
Maurice casts a spell.
Maurice flickers and vanishes for a moment.
Maurice zaps a wand.
You are blasted!
* * * LOW HITPOINT WARNING * * *
Maurice zaps a wand.
You are blasted!
* * * LOW HITPOINT WARNING * * *
You feel very mighty all of a sudden. You block Maurice's attack.
You sock Maurice! You block Maurice's attack.
You hit Maurice. You block Maurice's attack.
You sock Maurice!
Maurice zaps a wand.
You are blasted!
You die...

#....# #.#
##....# ##.##
###.....# #...#
#...##..#####.♣.#
######..>...#...#
#..######.##
###### #.#
#######..# #.##
##...@@...## #..#
#..######..##
##..# #..##
#...#####..##
#...
###..........#
.....
###.......###..#
#####.
.........### ####
#. .........# ##
.........#
.#########


You could see Maurice (invisible).

Vanquished Creatures
  Erica (D:8)
  A hippogriff (D:5)
  A wyvern (D:6)
  2 hungry ghosts (D:7)
  Menkaure (D:6)
  Duvessa (D:7)
  2 orc warriors
  A black bear (D:6)
  2 phantoms
  3 centaurs
  A bullfrog (D:8)
  A gnoll sergeant (D:7)
  Dowan (D:7)
  A scorpion (D:6)
  9 howler monkeys
  3 crimson imps
  A jelly (D:6)
  A quasit (D:7)
  6 orc priests
  5 orc wizards
  2 worker ants
  2 hound skeletons (D:5)
  A hound zombie (D:7)
  8 mummies (Ossuary)
  A worker ant zombie (D:6)
  8 gnolls
  8 adders
  2 howler monkey skeletons
  2 oozes (D:2)
  An adder skeleton (D:5)
  5 worms
  A dart slug (D:1)
  2 leopard geckos
  18 orcs
  5 giant cockroaches
  4 goblins
  11 hobgoblins
  8 jackals
  5 quokkas
  9 bats
  3 frilled lizards
  2 hobgoblin zombies (Ossuary)
  11 kobolds
  4 kobold zombies (Ossuary)
  2 orc zombies (Ossuary)
  7 rats
176 creatures vanquished.

Notes
Turn   | Place    | Note
-------+----------+-------------------------------------------
     0 | D:1      | MrTaco21 the Gargoyle Fighter began the quest for the Orb.
     0 | D:1      | Reached XP level 1. HP: 14/14 MP: 1/1
     3 | D:1      | Noticed a vampire
    13 | D:1      | Noticed a ghoul
    18 | D:1      | Noticed a dwarf
    19 | D:1      | Noticed a naga
    24 | D:1      | Noticed a troll
    70 | D:1      | Reached XP level 2. HP: 19/19 MP: 2/2
   196 | D:1      | Reached skill level 3 in Maces & Flails
   690 | D:2      | Reached XP level 3. HP: 23/23 MP: 3/3
   788 | D:2      | Reached skill level 4 in Maces & Flails
   896 | D:2      | Reached XP level 4. HP: 28/28 MP: 4/4
  1702 | D:3      | Reached skill level 5 in Maces & Flails
  1864 | D:3      | Reached XP level 5. HP: 29/32 MP: 5/5
  2447 | D:4      | Found a shattered altar of Ashenzari.
  2598 | D:4      | Found a staircase to the Ecumenical Temple.
  2631 | Temple   | Entered the Ecumenical Temple
  2881 | Temple   | Became a worshipper of Qazlal Stormbringer
  2945 | D:4      | Reached skill level 6 in Maces & Flails
  2945 | D:4      | Reached XP level 6. HP: 36/37 MP: 6/6
  3291 | D:5      | Entered Level 5 of the Dungeon
  3353 | D:5      | Found Niwn's Antique Armour Shoppe.
  3361 | D:5      | Noticed a hippogriff
  3389 | D:5      | Killed a hippogriff
  3389 | D:5      | Reached skill level 7 in Maces & Flails
  3389 | D:5      | Reached XP level 7. HP: 3/41 MP: 7/7
  3463 | D:5      | Bought an embroidered scarf for 192 gold pieces
  3619 | D:5      | Found Xesuo's Assorted Antiques.
  3748 | D:5      | Got an ominously black robe
  3762 | D:5      | Reached skill level 8 in Maces & Flails
  3777 | D:5      | Identified the +2 robe of the Invisible Eyes {*Slow Dex+6
                  | Slay+5 SInv} (You found it on level 5 of the Dungeon)
  3949 | D:5      | Found Ziokobav's General Store.
  4439 | D:6      | Reached skill level 9 in Maces & Flails
  4439 | D:6      | Reached XP level 8. HP: 38/46 MP: 8/8
  4466 | D:6      | Reached * piety under Qazlal
  4500 | D:6      | Noticed a wyvern
  4507 | D:6      | Reached skill level 10 in Maces & Flails
  4513 | D:6      | Killed a wyvern
  4943 | D:7      | Reached skill level 11 in Maces & Flails
  4974 | D:7      | Reached XP level 9. HP: 41/51 MP: 9/9
  5087 | D:7      | Noticed Menkaure
  5139 | D:6      | Reached ** piety under Qazlal
  5150 | D:6      | Killed Menkaure
  5170 | D:7      | Reached skill level 12 in Maces & Flails
  5405 | D:7      | Noticed Duvessa
  5406 | D:7      | Noticed Dowan
  5462 | D:7      | Killed Duvessa
  5470 | D:7      | Killed Dowan
  5643 | D:8      | Noticed Prince Ribbit
  5809 | D:8      | Found a sand-covered staircase.
  5815 | Ossuary  | Entered an ossuary
  6085 | D:8      | Reached skill level 13 in Maces & Flails
  6220 | D:8      | Noticed Erica
  6243 | D:8      | Killed Erica
  6243 | D:8      | Reached XP level 10. HP: 20/56 MP: 10/10
  6339 | D:8      | Found a white marble altar of Elyvilon.
  6373 | D:8      | Noticed Maurice
  6386 | D:8      | Blown up by Maurice

Levels and vault maps discovered:
D:1:      shiori_arrival_whats_in_store_for_you, layout_basic
D:2:      wad_crossroads, layout_loops_ring
D:3:      layout_loops_ring, first_ration, roderic_cross_of_infinity
D:4:      layout_gridville, nicolae_overflow_crystal_walls, temple_green
D:5:      layout_cave_pods, serial_shops, kennysheep_mini, shop_fountains, shop
D:6:      layout_basic
D:7:      layout_rooms, uniq_menkaure, uniq_duvessa
D:8:      layout_layer_cave, nicolae_ossuary_entry_plus, grunt_pizzeria,
          elyvilon_altar_1, uniq_erica, uniq_joseph, uniq_prince_ribbit1,
          uniq_maurice
Temple:   nicolae_temple_the_god_donut

Skill      XL: |  1  2  3  4  5  6  7  8  9 |
---------------+----------------------------+-----
Maces & Flails | 3 4 5 6 7 9 11 13 | 13.7
Fighting       | |  3.2
Armour         | |  3.2
Shields        | |  3.2

Action                   |  1- 3 |  4- 6 |  7- 9 | 10-12 || total
-------------------------+-------+-------+-------+-------++-------
Melee: Flail             |   153 |   256 |   337 |     7 ||   753
Throw: Dart              |       |       |    29 |       ||    29
Invok: Upheaval          |       |       |     1 |       ||     1
  Use: Scroll            |       |     5 |     4 |       ||     9
       Potion            |       |       |       |     1 ||     1
  Eat: Chunk             |       |     9 |    11 |       ||    20
Armor: Scale mail        |    80 |   164 |    11 |       ||   255
       Robe              |       |       |   122 |       ||   122
       Skin              |       |       |     4 |       ||     4
Dodge: Dodged            |    41 |   109 |    96 |       ||   246
Block: Kite shield       |    75 |   143 |   202 |     4 ||   424

Table legend:
 A = Non-vault XP
 B = Vault XP
 C = Vault XP percentage of total XP
 D = Non-vault monster count
 E = Vault monster count
 F = Vault count percentage of total count
                 A         B        C        D         E       F
            +---------+---------+-------+---------+---------+-------
      Total |    3705 |    1543 |  29.4 |     152 |      24 |  13.6
            +---------+---------+-------+---------+---------+-------
        D:1 |      29 |       0 |   0.0 |      16 |       0 |   0.0
        D:2 |      68 |      33 |  32.7 |      25 |       4 |  13.8
        D:3 |      55 |       0 |   0.0 |      17 |       0 |   0.0
        D:4 |     229 |       0 |   0.0 |      14 |       0 |   0.0
        D:5 |     676 |       0 |   0.0 |      17 |       0 |   0.0
        D:6 |    1204 |     172 |  12.5 |      31 |       1 |   3.1
        D:7 |    1018 |     228 |  18.3 |      23 |       2 |   8.0
        D:8 |     426 |     960 |  69.3 |       9 |       1 |  10.0
    Ossuary |       0 |     150 | 100.0 |       0 |      16 | 100.0
            +---------+---------+-------+---------+---------+-------
